 Dungeon Crawl Stone Soup version 0.30-a0-137-gd8773701ce (webtiles) character file.

Game seed: 1926328740613971341

1126 NinjaNoafa the Chopper (level 8, 0/61 (67) HPs)
             Began as a Gnoll Cinder Acolyte on Sept 21, 2022.
             Was a High Priest of Ignis.
             Slain by an orc priest
             ... wielding a +2 trident of freezing
              (4 damage)
             ... on level 6 of the Dungeon.
             The game lasted 00:11:17 (6540 turns).

NinjaNoafa the Chopper (Gnoll Cinder Acolyte)       Turns: 6540, Time: 00:11:19

HP:   0/61 (67)     AC:  4    Str: 15    XL:     8   Next: 35%
MP:   30/32         EV: 13    Int: 15    God:    Ignis [*****.]
Gold: 260           SH:  0    Dex: 15    Spells: 11/15 levels left

rFire   . . .      SeeInvis .    u - +5 mace of Crusades {flame, rF- Dex+8}
rCold   . . .      Faith    .    (no shield)
rNeg    . . .      Spirit   .    b - +0 robe
rPois   .          Reflect  .    (no helmet)
rElec   .          Harm     .    k - +0 cloak
rCorr   .          Rampage  .    (no gloves)
Will    .....                    l - +0 pair of boots
Stlth   +.........               f - amulet of magic regeneration
HPRegen 0.20/turn                j - ring of magical power
MPRegen 0.63/turn                m - ring of magical power

@: confused, drained
A: fangs 1, strong nose, distributed training, evolution 1
a: Renounce Religion, Fiery Armour, Foxfire Swarm, Rising Flame


You were on level 6 of the Dungeon.
You worshipped Ignis.
Ignis was extremely pleased with you.
You visited 2 branches of the dungeon, and saw 8 of its levels.

You collected 260 gold pieces.

Inventory:

Hand Weapons
 u - the +5 mace of Crusades (weapon) {flame, rF- Dex+8}
   (You found it on level 3 of the Dungeon)

   It burns those it strikes, dealing additional fire damage.
   Dex:       It affects your dexterity (+8).
   rF:        It makes you vulnerable to fire.
Missiles
 d - 72 stones
 g - 10 poisoned darts
Armour
 b - a +0 robe (worn)
 k - a +0 cloak (worn)
 l - a +0 pair of boots (worn)
Jewellery
 f - an amulet of magic regeneration (around neck)
 j - a ring of magical power (left hand)
 m - a ring of magical power (right hand)
Scrolls
 a - a scroll of enchant weapon
 c - 3 scrolls of blinking
 o - a scroll of magic mapping
 q - 3 scrolls of identify
Potions
 e - a potion of cancellation
 i - 4 potions of curing
 n - 2 potions of lignification
 p - a potion of flight
 r - a potion of might
 s - a potion of invisibility
 t - 3 potions of heal wounds


   Skills:
 + Level 7.4 Fighting
 + Level 3.3 Short Blades
 + Level 3.3 Long Blades
 + Level 7.4 Axes
 + Level 3.3 Maces & Flails
 + Level 3.3 Polearms
 + Level 3.3 Staves
 + Level 3.3 Ranged Weapons
 + Level 3.3 Throwing
 + Level 3.3 Armour
 + Level 3.3 Dodging
 + Level 3.3 Stealth
 + Level 3.3 Shields
 + Level 3.3 Unarmed Combat
 + Level 4.4 Spellcasting
 + Level 2.7 Conjurations
 + Level 2.7 Hexes
 + Level 2.7 Summonings
 + Level 2.7 Necromancy
 + Level 2.7 Translocations
 + Level 2.7 Transmutations
 + Level 6.1 Fire Magic
 + Level 2.7 Ice Magic
 + Level 2.7 Air Magic
 + Level 2.7 Earth Magic
 + Level 2.7 Poison Magic
 + Level 3.6 Invocations
 + Level 3.3 Evocations


You had 11 spell levels left.
You knew the following spells:

 Your Spells              Type           Power      Damage    Failure   Level
a - Scorch                Fire           42%        2d7       1%          2
b - Blink                 Tloc           22%        N/A       9%          2

Your spell library contained the following spells:

 Spells                   Type           Power      Damage    Failure   Level
 Call Canine Familiar     Summ           11%        N/A       17%         3
 Portal Projectile        Hex/Tloc       22%        N/A       17%         3
 Leda's Liquefaction      Hex/Erth       5%         N/A       50%         4
 Manifold Assault         Tloc           11%        N/A       50%         4
 Storm Form               Tmut/Air       5%         N/A       100%        7


Dungeon Overview and Level Annotations

Branches:
Dungeon (7/15)             Temple (1/1) D:4

Altars:
Ashenzari
Cheibriados
Dithmenos
Fedhas
Gozag
Hepliaklqana
Makhleb
Nemelex Xobeh
Okawaru
Qazlal
Ru
Sif Muna
Trog
Vehumet
Wu Jian
Xom
Zin
The Shining One

Shops:
D:4 *


Innate Abilities, Weirdness & Mutations

You have very sharp teeth.
Your uncanny sense of smell can sniff out nearby items.
Your experience applies equally to all skills.
You have hidden genetic potential.


Message History

The orc wizard misses you.
The orc wizard casts a spell.
The orc wizard flickers and vanishes!
Deactivating autopickup; reactivate with Ctrl-A.
The wight hits you with a +2 halberd!
You feel drained. The orc closely misses you.
The orc wizard points at you and mumbles some strange words.
The puff of flame misses you.
The orc priest hits you with a +2 trident of freezing.
The orc priest freezes you.
You hit the orc priest. You burn the orc priest.
Your bite misses the orc priest.
The orc priest is severely wounded.
The wight barely misses you. The orc closely misses you.
The orc wizard hits you with a +0 dagger.
The orc priest hits you with a +2 trident of freezing.
* * * LOW HITPOINT WARNING * * *
The orc priest freezes you.
* * * LOW HITPOINT WARNING * * *
You feel much better. The wight hits you with a +2 halberd!
You feel drained. The orc hits you but does no damage.
The orc wizard gestures at you while chanting.
You are confused.
Something hits you.
The orc priest hits you with a +2 trident of freezing.
The orc priest freezes you.
Really quaff the potion of mutation?
You feel extremely strange.
You feel a hidden potential growing inside you.
The wight hits you with a +2 halberd!
* * * LOW HITPOINT WARNING * * *
You feel drained.
* * * LOW HITPOINT WARNING * * *
The orc barely misses you.
The orc wizard gestures at you while chanting.
You resist with some effort.
The orc priest hits you with a +2 trident of freezing!
* * * LOW HITPOINT WARNING * * *
The orc priest freezes you.
You die...

#.....# .. # #.....##.##.....
....#.. .. #............... .o...
...######............... ....#
........................ ....#
.<.............>........ #...#
...###.>.).............. #z..##.
#.......................###......
................@o.........<.z..#
.............†.o.z.........$##...
.>........[...)...o........## .
..........[................
..###.##########...##...#..
>.###.# ##.......... ..##..#
.........o ##...## .........o
...### ....


You could see a wight, an orc priest, an orc wizard and an orc.

Vanquished Creatures
  Edmund (D:5)
  2 phantoms (D:5)
  A bullfrog (D:6)
  2 scorpions
  3 wights
  2 hounds (D:5)
  An orc priest (D:5)
  Crazy Yiuf (D:2)
  2 iguanas
  4 orc wizards
  4 gnolls (D:4)
  8 adders
  A shadow imp (D:7)
  An ufetubus (D:5)
  A worm (D:4)
  4 dart slugs
  20 orcs
  12 ball pythons
  8 endoplasms
  2 giant cockroaches
  14 goblins
  4 hobgoblins
  2 jackals (D:1)
  3 quokkas
  13 bats
  3 frilled lizards (D:1)
  7 kobolds
  5 rats
  A spectral kobold (D:5)
132 creatures vanquished.

Notes
Turn   | Place    | Note
-------+----------+-------------------------------------------
     0 | D:1      | NinjaNoafa the Gnoll Cinder Acolyte began the quest for the
                  | Orb.
     0 | D:1      | Reached XP level 1. HP: 23/23 MP: 4/4
   162 | D:1      | Reached XP level 2. HP: 29/29 MP: 5/5
   172 | D:1      | Learned a level 2 spell: Scorch
   624 | D:1      | Reached XP level 3. HP: 35/35 MP: 4/7
  1044 | D:1      | Reached skill level 1 in Invocations
  1586 | D:2      | Reached skill level 1 in Short Blades
  1586 | D:2      | Reached skill level 1 in Long Blades
  1586 | D:2      | Reached skill level 1 in Maces & Flails
  1586 | D:2      | Reached skill level 1 in Polearms
  1586 | D:2      | Reached skill level 1 in Staves
  1586 | D:2      | Reached skill level 1 in Ranged Weapons
  1586 | D:2      | Reached skill level 1 in Throwing
  1586 | D:2      | Reached skill level 1 in Armour
  1586 | D:2      | Reached skill level 1 in Dodging
  1586 | D:2      | Reached skill level 1 in Stealth
  1586 | D:2      | Reached skill level 1 in Shields
  1586 | D:2      | Reached skill level 1 in Unarmed Combat
  1586 | D:2      | Reached skill level 1 in Evocations
  1595 | D:2      | Reached XP level 4. HP: 41/41 MP: 8/8
  1600 | D:2      | Reached skill level 1 in Conjurations
  1600 | D:2      | Reached skill level 1 in Hexes
  1600 | D:2      | Reached skill level 1 in Summonings
  1600 | D:2      | Reached skill level 1 in Necromancy
  1600 | D:2      | Reached skill level 1 in Translocations
  1600 | D:2      | Reached skill level 1 in Transmutations
  1600 | D:2      | Reached skill level 1 in Ice Magic
  1600 | D:2      | Reached skill level 1 in Air Magic
  1600 | D:2      | Reached skill level 1 in Earth Magic
  1600 | D:2      | Reached skill level 1 in Poison Magic
  1999 | D:2      | Found a runed translucent door.
  2000 | D:2      | Noticed Crazy Yiuf
  2031 | D:2      | Found a stormy altar of Qazlal.
  2269 | D:2      | Killed Crazy Yiuf
  2270 | D:2      | Reached XP level 5. HP: 23/47 MP: 9/9
  2492 | D:3      | Found a faded altar of an unknown god.
  3021 | D:3      | Identified the +5 mace of Crusades {flame, rF- Dex+8}
  3539 | D:4      | Reached XP level 6. HP: 42/53 MP: 11/11
  3838 | D:4      | Found a stormy altar of Qazlal.
  4436 | D:4      | Found Zin's Purification Station.
  4436 | D:4      | Found a glowing silver altar of Zin.
  4458 | D:4      | Identified a scroll of acquirement
  4566 | D:4      | Found a staircase to the Ecumenical Temple.
  4603 | D:3      | Acquired an Inescapable Atlas
  4790 | D:4      | Found a shimmering blue altar of Sif Muna.
  4834 | Temple   | Entered the Ecumenical Temple
  5426 | D:5      | Entered Level 5 of the Dungeon
  5426 | D:5      | Noticed Edmund
  5436 | D:5      | Found a shimmering altar of Xom.
  5493 | D:5      | Reached XP level 7. HP: 57/59 MP: 12/12
  5511 | D:5      | Killed Edmund
  5752 | D:5      | Reached XP level 8. HP: 39/67 MP: 13/14
  5766 | D:5      | Learned a level 2 spell: Blink
  5913 | D:5      | Found a hazy altar of Hepliaklqana.
  6540 | D:6      | Gained mutation: You have hidden genetic potential. [potion
                  | of mutation]
  6540 | D:6      | Slain by an orc priest

Illustrated notes

Levels and vault maps discovered:
D:1:      dpeg_arrival_more_subterranean_lakeside_camping, layout_basic
D:2:      layout_basic, basic_altar, uniq_crazy_yiuf_cottage
D:3:      minmay_chambers_of_threes, layout_loops_cross,
          ebering_ecumenical_altar_rust
D:4:      layout_basic, zin_purify, grunt_qazlal_sundering,
          mainiacjoe_overflow_six_doors_small, minmay_temple_entry_junction_2
D:5:      layout_basic, lemuel_doored_altar,
          nicolae_hepliaklqana_monster_ancestors, minmay_misc_feat_rows,
          grunt_ministairs_13, hex_intersection, uniq_edmund
D:6:      layout_rooms, eat_drink_and_be_merry_uskayaw
D:7:      minmay_klotski, layout_basic
Temple:   oiseaux_autumnal_temple

Skill      XL: |  1  2  3  4  5  6  7 |
---------------+----------------------+-----
Invocations    | 1 2 3 |  3.6
Short Blades   | 1 2 3 |  3.3
Long Blades    | 1 2 3 |  3.3
Maces & Flails | 1 2 3 |  3.3
Polearms       | 1 2 3 |  3.3
Staves         | 1 2 3 |  3.3
Ranged Weapons | 1 2 3 |  3.3
Throwing       | 1 2 3 |  3.3
Armour         | 1 2 3 |  3.3
Dodging        | 1 2 3 |  3.3
Stealth        | 1 2 3 |  3.3
Shields        | 1 2 3 |  3.3
Unarmed Combat | 1 2 3 |  3.3
Evocations     | 1 2 3 |  3.3
Spellcasting   | 3 4 |  4.4
Conjurations   | 1 2 |  2.7
Hexes          | 1 2 |  2.7
Summonings     | 1 2 |  2.7
Necromancy     | 1 2 |  2.7
Translocations | 1 2 |  2.7
Transmutations | 1 2 |  2.7
Ice Magic      | 1 2 |  2.7
Air Magic      | 1 2 |  2.7
Earth Magic    | 1 2 |  2.7
Poison Magic   | 1 2 |  2.7
Fighting       | 7 |  7.4
Axes           | 7 |  7.4
Fire Magic     | 6 |  6.1

Action                   |  1- 3 |  4- 6 |  7- 9 || total
-------------------------+-------+-------+-------++-------
Melee: Hand axe          |    37 |     3 |       ||    40
       Bite              |     1 |     5 |       ||     6
       Quarterstaff      |       |    12 |       ||    12
       Mace              |       |    38 |     8 ||    46
 Cast: Scorch            |    31 |    74 |    55 ||   160
  Use: Potion            |       |     9 |     2 ||    11
       Scroll            |       |     8 |     2 ||    10
 Stab: Invisible         |       |     3 |       ||     3
Armor: Robe              |    20 |    23 |     4 ||    47
       Skin              |       |     7 |       ||     7
Dodge: Dodged            |    52 |    58 |    36 ||   146

Table legend: (Time is in decaauts)
 A = Elapsed time spent in this place.
 B = Non-inter-level travel time spent in this place.
 C = Inter-level travel time spent in this place.
 D = Time resting spent in this place.
 E = Time spent auto-exploring this place.
 F = Levels seen in this place.
 G = Mean time per level.
                   A        B        C        D        E       F      G
               +--------+--------+--------+--------+--------+-----+--------+
         Total |   6530 |   6108 |    422 |    273 |   4895 |   8 |  816.2 |
       Dungeon |   6282 |   5870 |    412 |    273 |   4670 |   7 |  897.4 |
        Temple |    247 |    238 |      9 |      0 |    225 |   1 |  247.0 |
               +--------+--------+--------+--------+--------+-----+--------+

Top non-repeatable levels by time:
     D:4: 1624 daAuts
     D:1: 1426 daAuts
     D:3: 1081 daAuts
     D:5: 1034 daAuts
     D:2: 1032 daAuts
  Temple: 247 daAuts
     D:6: 75 daAuts
     D:7: 8 daAuts
